 Dungeon Crawl Stone Soup version 0.20-a0-269-g17f5411 (webtiles) character file.

379 Faca the Shield-Bearer (level 7, -9/55 HPs)
             Began as a Formicid Fighter on Dec 8, 2016.
             Killed by divine providence
             ... invoked by an orc priest
              (10 damage)
             ... on level 4 of the Dungeon.
             The game lasted 00:06:27 (2205 turns).

Faca the Shield-Bearer (Formicid Fighter)           Turns: 2205, Time: 00:06:28

Health: -9/55      AC: 14    Str: 26    XL:     7   Next: 4%
Magic:  7/7        EV:  7    Int:  7    God:
Gold:   103        SH: 10    Dex: 12    Spells: 6/6 levels left

rFire  . . .     SeeInvis +     a - +1 war axe
rCold  . . .     Gourm    .     n - +0 chain mail (curse)
rNeg   + . .     Faith    .     c - +0 shield
rPois  .         Spirit   .     (helmet unavailable)
rElec  .         Reflect  .     (no cloak)
rCorr  .         Harm     .     m - +2 pair of gloves
MR     +....                    k - +0 pair of boots
Stlth  ..........               (no amulet)
                                (no ring)
                                l - ring of positive energy

@: mighty
A: permanent stasis, dig shafts and tunnels, four strong arms, antennae 3, magic
resistance 1, no device heal 1, subdued magic 1
a: Dig, Shaft Self


You were on level 4 of the Dungeon.
You were not hungry.

You visited 1 branch of the dungeon, and saw 4 of its levels.

You collected 103 gold pieces.

Inventory:

Hand Weapons
 a - a +1 war axe (weapon)
 b - a +1 flail of venom
Armour
 c - a +0 shield (worn)
 k - a +0 pair of boots (worn)
 m - a +2 pair of gloves (worn)
 n - a cursed +0 chain mail (worn)
Jewellery
 l - a ring of positive energy (left hand)
Scrolls
 g - 4 scrolls of identify
 h - 2 scrolls of fog
 i - a scroll of remove curse
Potions
 j - a potion of agility
Comestibles
 f - 2 bread rations


   Skills:
 + Level 4.3 Fighting
 + Level 4.4 Axes
 + Level 4.6 Armour
 + Level 1.2 Dodging
 + Level 5.0 Shields


You had 6 spell levels left.
You didn't know any spells.

Dungeon Overview and Level Annotations

Branches:
Dungeon (4/15)
 Temple: D:4-7

Altars:

Annotations:
D:4 VonBacon's ghost, novice FoFi


Innate Abilities, Weirdness & Mutations

You cannot be hasted, slowed, berserked, paralysed or teleported.
You can dig through walls and to a lower floor.
Your four strong arms can wield two-handed weapons with a shield.
You have a pair of large antennae on your head. (SInv)
You are resistant to hostile enchantments. (MR+)
Potions and wands are less effective at restoring your health.
Your spells are a little easier to cast, but a little less powerful.


Message History

Press: ? - help, v - describe, . - travel, g - get item
Here: VonBacon's ghost A dagger.
There is something else lying underneath.
The floor, spattered with blood.
You hit VonBacon's ghost.
VonBacon's ghost is lightly damaged.
You hit the orc priest. You slash the worker ant!
You hit the orc wizard but do no damage.
You barely miss the orc wizard. You slash the orc priest!
The orc wizard casts a spell at you. The magic dart hits you!
VonBacon's ghost hits you!
* * * LOW HITPOINT WARNING * * *
The orc wizard hits you but does no damage.
The orc priest barely misses you. You block the orc priest's attack.
The worker ant bites you but does no damage.
The orc wizard gestures wildly while chanting.
The orc priest invokes the aid of Beogh against you.
Beogh smites you!
You die...

.# ... #.#########
..........
#.....#######+##.
##+#+###o....#...(......
........$...)#...(......
......ao....['..........
......o@.#####.>........
......Woo# #..........
.........# #..........
.........#####..........
.........+...'..........
.........#####..........
.....##### #########..
..... ##. #.


You could see a worker ant, 3 orc priests, 2 orc wizards and VonBacon's ghost.

Vanquished Creatures
  Sigmund (D:3)
  2 orc wizards
  An orc priest (D:4)
  A hound (D:4)
  An adder (D:2)
  3 oozes
  A worm (D:3)
  4 dart slugs
  3 leopard geckos
  14 orcs
  4 giant cockroaches
  4 hobgoblins
  4 jackals (D:1)
  3 kobolds
  A quokka (D:3)
  2 ball pythons
  5 bats
  4 frilled lizards (D:1)
  4 goblins
  A jackal skeleton (D:4)
  A quokka skeleton (D:4)
  7 rats
71 creatures vanquished.

Notes
Turn   | Place    | Note
-------+----------+-------------------------------------------
     0 | D:1      | Faca the Formicid Fighter began the quest for the Orb.
     0 | D:1      | Reached XP level 1. HP: 18/18 MP: 1/1
    98 | D:1      | Reached XP level 2. HP: 24/24 MP: 2/2
   388 | D:1      | Gained mutation: You are resistant to hostile enchantments. (MR+) [potion of mutation]
   388 | D:1      | Gained mutation: Potions and wands are less effective at restoring your health. [potion of mutation]
   388 | D:1      | Gained mutation: Your spells are a little easier to cast, but a little less powerful. [potion of mutation]
   476 | D:1      | Reached XP level 3. HP: 29/29 MP: 3/3
   521 | D:2      | Reached skill level 4 in Shields
   838 | D:2      | Reached XP level 4. HP: 33/37 MP: 4/4
  1200 | D:3      | Reached XP level 5. HP: 30/42 MP: 5/5
  1255 | D:3      | Noticed Sigmund
  1279 | D:3      | Killed Sigmund
  1279 | D:3      | Reached skill level 1 in Dodging
  1279 | D:3      | Reached skill level 5 in Shields
  1279 | D:3      | Reached XP level 6. HP: 21/48 MP: 6/6
  2195 | D:4      | Noticed VonBacon's ghost (novice FoFi)
  2204 | D:4      | Reached XP level 7. HP: 10/55 MP: 7/7
  2205 | D:4      | HP: 1/55 [VonBacon's ghost (8)]
  2205 | D:4      | Killed from afar by an orc priest

Vault maps used:
D:1:      shiori_arrival_oz, serial_bayou_lake_a
D:3:      uniq_sigmund
D:4:      black_bear_nest_1, first_bread, kennysheep_small_square

Skill      XL: |  1  2  3  4  5  6 |
---------------+-------------------+-----
Shields        | 4 5 |  5.0
Fighting       | 4 |  4.3
Armour         | 4 |  4.6
Axes           | 3 4 |  4.4
Dodging        | 1 |  1.2

Action                   |  1- 3 |  4- 6 |  7- 9 || total
-------------------------+-------+-------+-------++-------
Melee: War axe           |    63 |   110 |     1 ||   174
 Abil: Dig               |       |     1 |       ||     1
  Use: Potion            |     6 |     3 |       ||     9
       Scroll            |     4 |     1 |       ||     5
  Eat: Pizza             |       |     1 |       ||     1
       Fruit             |       |     2 |       ||     2
       Royal jelly       |       |     1 |       ||     1
Armor: Scale mail        |    29 |    30 |       ||    59
       Chain mail        |       |    22 |     6 ||    28
Dodge: Dodged            |    17 |    45 |     1 ||    63
Block: Shield            |    32 |    57 |     3 ||    92
